[Event "Titled Tuesday Blitz April 11 Early 2023"]
[White "sebastianmarinp"]
[Black "Novikov, Evgenij"]
[BlackFideId "4125380"]
[WhiteElo "2283"]
[BlackElo "2242"]
[Result "0-1"]
[Round "02"]
[TimeControl "180+2"]
[Date "2023.04.11"]
[WhiteClock "0:00:03"]
[BlackClock "0:00:02"]

1. e4 c5 2. Nf3 d6 3. d4 cxd4 4. Nxd4 Nf6 5. Nc3 a6 6. h3 e5 7. Nde2 h5 8. Bg5 Be7 9. Qd3 Nbd7 10. O-O-O Nc5 11. Qf3 Be6 12. Ng3 g6 13. Kb1 h4 14. Nge2 b5 15. Nc1 Rc8 16. Nd3 Nxd3 17. Rxd3 Nd7 18. Bxe7 Qxe7 19. Qd1 Rc6 20. Be2 Nc5 21. Re3 O-O 22. Bg4 b4 23. Nd5 Bxd5 24. Qxd5 Rb6 25. Be2 Rc8 26. Bc4 a5 27. g3 a4 28. gxh4 b3 29. cxb3 axb3 30. axb3 Ne6 31. h5 Nf4 32. Qd1 Nxh5 33. Rg1 Kh7 34. Qg4 Rxc4 35. bxc4 Qb7 36. Qe2 Nf4 37. Qd2 Rb4 38. Rc1 Qb6 39. h4 Kg7 40. Rg3 Kf8 41. Rg4 Ne6 42. h5 gxh5 43. Rh4 Nd4 44. Rxh5 Qc6 45. Rh8+ Ke7 46. Qg5+ Ke6 47. Rh6+ Kd7 48. Qg4+ Kc7 49. Rh8 Rxb2+ 50. Kxb2 Qb6+ 51. Kc3 Qb3+ 52. Kd2 Qb2+ 53. Kd1 Qxf2 54. Qc8+ Kb6 55. Qb8+ Kc5 56. Rc8+ Nc6 57. Rxc6+ Kxc6 58. Qb5+ Kc7 59. Qa5+ Kd7 60. Qd2 Qf3+ 61. Kc2 Qxe4+ 62. Qd3 Qg2+ 63. Kc3 Qb7 64. Rc2 Qb6 65. Rb2 Qa5+ 66. Kb3 Qb6+ 67. Kc2 Qa5 68. Qd2 Qa4+ 69. Rb3 Qc6 70. Rb2 Qe4+ 71. Kc3 Qf5 72. Qd3 e4 73. Qd4 Qf3+ 74. Kb4 e3 75. Rb3 Qb7+ 76. Ka3 Qa8+ 77. Kb2 Qg2+ 78. Ka3 e2 79. Rb7+ Kc6 80. Qd5+ Qxd5 81. cxd5+ Kxb7 0-1


[Site "https://www.chess.com"]

[Event "Titled Tuesday Blitz April 11 Early 2023"]
[White "Garv Gaur"]
[Black "Zaichenko, Daria"]
[WhiteFideId "45030839"]
[BlackFideId "4197453"]
[WhiteElo "2068"]
[BlackElo "2039"]
[Result "1-0"]
[Round "02"]
[TimeControl "180+2"]
[Date "2023.04.11"]
[WhiteClock "0:00:10"]
[BlackClock "0:00:03"]

1. e4 c5 2. Nf3 Nc6 3. g3 Nf6 4. d3 d5 5. exd5 Nxd5 6. Bg2 e5 7. O-O Be7 8. Re1 f6 9. Nc3 Nxc3 10. bxc3 O-O 11. Nd2 Be6 12. c4 Qd7 13. Nb3 Rad8 14. Be3 b6 15. a4 Nd4 16. Bxd4 cxd4 17. a5 Bb4 18. axb6 axb6 19. Rf1 b5 20. c5 Bxb3 21. c6 Qd6 22. cxb3 Bc3 23. Ra7 Rf7 24. Rb7 Rb8 25. Bd5 Rxb7 26. cxb7 g6 27. Bxf7+ Kxf7 28. Qg4 f5 29. Qf3 Ke6 30. b4 Kd7 31. g4 Kc7 32. gxf5 gxf5 33. Qxf5 Qg6+ 34. Qxg6 hxg6 35. Kg2 Kxb7 36. Kf3 Kc6 37. Ke4 Kd6 38. Rb1 Ke6 39. h4 Bd2 40. Rg1 1-0


[Site "https://www.chess.com"]

[Event "Titled Tuesday Blitz April 11 Early 2023"]
[White "Zou, Brendan"]
[Black "Sai Han Thiha"]
[WhiteFideId "3221296"]
[BlackFideId "13012290"]
[WhiteElo "1852"]
[BlackElo "1954"]
[Result "0-1"]
[Round "02"]
[TimeControl "180+2"]
[Date "2023.04.11"]
[WhiteClock "0:00:14"]
[BlackClock "0:00:14"]

1. d4 Nf6 2. Nc3 e6 3. Bf4 d5 4. e3 a6 5. Nf3 c5 6. dxc5 Bxc5 7. Bd3 Nc6 8. Ne5 Bd6 9. Nxc6 bxc6 10. Bxd6 Qxd6 11. Na4 e5 12. Nb6 Qb4+ 13. Qd2 Qxb6 14. O-O O-O 15. Rfd1 a5 16. b3 Bg4 17. Be2 Bxe2 18. Qxe2 a4 19. f3 Ra7 20. Kh1 Rfa8 21. e4 d4 22. Qc4 axb3 23. cxb3 Rxa2 24. Rxa2 Rxa2 25. h3 h6 26. Rc1 Rb2 27. f4 Nxe4 28. fxe5 c5 29. Qd5 Qg6 30. Rg1 Qf5 31. Qd8+ Kh7 32. Qh4 g5 33. Qe1 Nf2+ 34. Kh2 Qf4+ 35. g3 Ng4+ 36. Kh1 Rh2# 0-1


[Site "https://www.chess.com"]

[Event "Titled Tuesday Blitz April 11 Early 2023"]
[White "Skaric, Djuro"]
[Black "Ginzburg, Yakov"]
[WhiteFideId "934569"]
[BlackFideId "4157176"]
[WhiteElo "2282"]
[BlackElo "2305"]
[Result "1-0"]
[Round "02"]
[TimeControl "180+2"]
[Date "2023.04.11"]
[WhiteClock "0:00:22"]
[BlackClock "0:00:01"]

1. g3 h5 2. d4 h4 3. gxh4 Rxh4 4. c4 c6 5. Bg2 d5 6. Nf3 Rh8 7. Nc3 Nf6 8. h3 Bf5 9. cxd5 cxd5 10. Qb3 b6 11. Bf4 e6 12. Nb5 Na6 13. Rc1 Bb4+ 14. Kf1 Be7 15. Qa4 Nb4 16. Nc7+ Kf8 17. Nxa8 Qxa8 18. a3 Nd3 19. exd3 Bxd3+ 20. Kg1 g5 21. Be5 Kg7 22. Qc6 Qd8 23. Ne1 Bg6 24. Nf3 Qg8 25. Nxg5 Kh6 26. h4 Be4 27. f3 Bf5 28. Qc3 Qg6 29. Qe3 Kh5 30. Rh2 Rg8 31. Kf2 Nd7 32. Rc7 Nxe5 33. dxe5 Bc5 34. Rxc5 bxc5 35. f4 f6 36. Bf3+ Kh6 37. exf6 Qxf6 38. Qe5 Qxe5 39. fxe5 Rb8 40. Kg3 Rb3 41. Rd2 c4 42. Kf4 c3 43. bxc3 Rxa3 44. Bxd5 Rxc3 45. Bxe6 Bb1 46. Rd6 Kg7 47. h5 a5 48. Rd7+ Kf8 49. Ra7 Rc5 50. Bb3 Rc3 51. Ne6+ Ke8 52. Ba4+ 1-0


[Site "https://www.chess.com"]

[Event "Titled Tuesday Blitz April 11 Early 2023"]
[White "Md, Imran"]
[Black "ATM622"]
[WhiteFideId "25748580"]
[WhiteElo "2217"]
[BlackElo "2270"]
[Result "1-0"]
[Round "02"]
[TimeControl "180+2"]
[Date "2023.04.11"]
[WhiteClock "0:02:33"]
[BlackClock "0:01:11"]

1. e4 c6 2. d4 d5 3. e5 c5 4. dxc5 e6 5. a3 Bxc5 6. b4 Bb6 7. Qg4 Ne7 8. Nf3 Nbc6 9. Bd3 Ng6 10. h4 Qc7 11. Bb2 h5 12. Qg3 Nce7 13. Nc3 a6 14. Na4 Ba7 15. O-O Bd7 16. Nc5 Bxc5 17. bxc5 Qxc5 18. Bd4 Qc7 19. a4 Nf5 20. Bxf5 exf5 21. e6 Qxg3 22. exd7+ Kxd7 23. fxg3 Rac8 24. Rfb1 Rc7 25. Ne5+ Nxe5 26. Bxe5 Rxc2 27. Rxb7+ Ke6 28. Bxg7 Rg8 29. Re1+ Kd6 30. Rxf7 Ra2 31. Bf8+ Kc6 32. Re6# 1-0


[Site "https://www.chess.com"]

[Event "Titled Tuesday Blitz April 11 Early 2023"]
[White "lluiss"]
[Black "Turzo, Attila"]
[BlackFideId "704954"]
[WhiteElo "2265"]
[BlackElo "2502"]
[Result "0-1"]
[Round "02"]
[TimeControl "180+2"]
[Date "2023.04.11"]
[WhiteClock "0:00:06"]
[BlackClock "0:00:35"]

1. c4 c5 2. Nc3 g6 3. d4 cxd4 4. Qxd4 Nf6 5. e4 Nc6 6. Qd1 Bg7 7. Nf3 O-O 8. Be2 d6 9. O-O Bg4 10. Ne1 Bxe2 11. Qxe2 Nd7 12. Bd2 Nd4 13. Qd1 Nc5 14. Be3 Nc6 15. Qc2 Nb4 16. Qb1 a5 17. a3 Nc6 18. Nf3 Nb3 19. Ra2 a4 20. Nd2 Nxd2 21. Bxd2 Ne5 22. b3 axb3 23. Qxb3 Qc7 24. Nd5 Qxc4 25. Nxe7+ Kh8 26. Rb1 b5 27. f3 Nd3 28. Be3 Bd4 29. Bxd4+ Qxd4+ 30. Kh1 Nf2+ 31. Rxf2 Qxf2 32. Qc3+ f6 33. Nd5 Qc5 34. Qb2 Kg7 35. Rc1 Qxa3 36. Rc7+ Kh8 37. Qc1 Qxc1+ 38. Rxc1 Kg7 39. h3 Rfc8 40. Rb1 Rab8 41. Rb4 Rc4 42. Rb3 b4 43. Ne7 Rc3 44. Rb2 b3 45. Nd5 Rc2 46. Rb1 b2 0-1


[Site "https://www.chess.com"]

[Event "Titled Tuesday Blitz April 11 Early 2023"]
[White "Rodchenkov, Sergey D."]
[Black "Coelho, Ramyres Santana"]
[WhiteFideId "4168712"]
[BlackFideId "2120690"]
[WhiteElo "2277"]
[BlackElo "1888"]
[Result "0-1"]
[Round "02"]
[TimeControl "180+2"]
[Date "2023.04.11"]
[WhiteClock "0:00:26"]
[BlackClock "0:00:12"]

1. e4 c5 2. Nf3 d6 3. d4 cxd4 4. Nxd4 Nf6 5. Nc3 a6 6. f3 e6 7. Be3 b5 8. Qd2 Bb7 9. g4 Nfd7 10. h4 Be7 11. Bf2 Qc7 12. g5 Nc6 13. O-O-O Rc8 14. Kb1 Nce5 15. f4 Nc4 16. Bxc4 Qxc4 17. Rhe1 b4 18. Na4 O-O 19. b3 Qc7 20. Nb2 d5 21. exd5 Bxd5 22. Nf5 Bc5 23. Bxc5 Qxc5 24. Ne3 Nb6 25. Nd3 Qc7 26. Qxb4 a5 27. Qxa5 Ra8 28. Qc5 Qb7 29. f5 Rfc8 30. Qd4 Na4 31. Nxd5 exd5 32. Nc1 Nc3+ 33. Kb2 Nxd1+ 34. Rxd1 Qc6 35. Rd2 Ra5 36. Nd3 Qa6 37. Nb4 Qb7 38. Nxd5 Rac5 39. Ne3 Qc7 40. f6 g6 41. c4 h5 42. Nd5 Kh7 43. Nxc7 R5xc7 44. Rc2 Rd7 45. c5 Rxd4 46. c6 Rxh4 47. c7 Rg4 48. Rc6 Rxg5 49. a3 Ra5 50. b4 Ra7 51. b5 Raxc7 52. Rd6 Rb7 53. Kb3 Rxb5+ 54. Ka4 Rf5 55. Kb4 Re8 56. Rd7 Re4+ 57. Kc3 Rf3+ 58. Kd2 Rxf6 59. Kd3 Ree6 60. Rc7 Rd6+ 61. Ke3 Rfe6+ 62. Kf4 Kg7 63. Kg5 Re5+ 64. Kf4 Red5 65. Ke4 Rd4+ 66. Ke5 Rd3 67. Ke4 R3d4+ 68. Ke3 Ra4 69. Rc3 Rda6 70. Ke2 Rxa3 71. Rc7 Rh3 0-1


[Site "https://www.chess.com"]

[Event "Titled Tuesday Blitz April 11 Early 2023"]
[White "Levitan, Caleb Levi"]
[Black "Shapiro, Viktor"]
[WhiteFideId "14332620"]
[BlackFideId "4175700"]
[WhiteElo "1963"]
[BlackElo "2152"]
[Result "1-0"]
[Round "02"]
[TimeControl "180+2"]
[Date "2023.04.11"]
[WhiteClock "0:02:21"]
[BlackClock "0:01:46"]

1. e4 Nf6 2. e5 Nd5 3. d4 d6 4. c4 Nb6 5. exd6 cxd6 6. Nc3 g6 7. Be3 Bg7 8. Be2 Nc6 9. h3 O-O 10. Nf3 e5 11. O-O h6 12. Qd2 1-0


[Site "https://www.chess.com"]

[Event "Titled Tuesday Blitz April 11 Early 2023"]
[White "Albuquerque Junior,Wellington S."]
[Black "Mammadzada, Gunay"]
[WhiteFideId "2151480"]
[BlackFideId "13403729"]
[WhiteElo "2109"]
[BlackElo "2396"]
[Result "0-1"]
[Round "02"]
[TimeControl "180+2"]
[Date "2023.04.11"]
[WhiteClock "0:00:02"]
[BlackClock "0:00:15"]

1. c4 c6 2. Nf3 d5 3. g3 Bg4 4. Ne5 Be6 5. d4 dxc4 6. Bg2 Nd7 7. Nxd7 Qxd7 8. Nc3 Rd8 9. e3 g6 10. O-O Bg7 11. a4 Nf6 12. a5 h5 13. e4 h4 14. e5 Nd5 15. Ne4 hxg3 16. fxg3 b6 17. axb6 axb6 18. Ng5 Bf5 19. Nxf7 Kxf7 20. g4 e6 21. gxf5 gxf5 22. Bg5 Rdg8 23. Qf3 Bxe5 24. dxe5 Rxg5 25. Kh1 Rhg8 26. Rf2 Qc7 27. Re1 b5 28. Qh3 Qa7 29. Rfe2 Qd4 30. Bf3 R8g7 31. Bh5+ Ke7 32. Bf3 Nf4 33. Qh8 Nxe2 0-1


[Site "https://www.chess.com"]

[Event "Titled Tuesday Blitz April 11 Early 2023"]
[White "babbilator"]
[Black "Lorenzo De La Riva, Lazaro"]
[BlackFideId "2268809"]
[WhiteElo "2257"]
[BlackElo "2294"]
[Result "1-0"]
[Round "02"]
[TimeControl "180+2"]
[Date "2023.04.11"]
[WhiteClock "0:00:13"]
[BlackClock "0:00:04"]

1. e4 c5 2. Nc3 Nc6 3. Nf3 e6 4. d4 cxd4 5. Nxd4 Nf6 6. Ndb5 Bb4 7. a3 Bxc3+ 8. Nxc3 d5 9. exd5 exd5 10. Bd3 O-O 11. O-O d4 12. Ne2 Bg4 13. Bg5 Bh5 14. Qd2 Bg6 15. Rad1 Rc8 16. Rfe1 Qd6 17. Bh4 Rfe8 18. h3 Ne4 19. Bxe4 Rxe4 20. Bg3 Qc5 21. f3 Ree8 22. Nxd4 Rxe1+ 23. Bxe1 Nxd4 24. Qxd4 Qxd4+ 25. Rxd4 Bxc2 26. Rd7 b5 27. Rxa7 Bd3 28. Bc3 f6 29. Kf2 h5 30. g4 h4 31. f4 Re8 32. g5 Re2+ 33. Kf3 Re6 34. gxf6 gxf6 35. Kg4 Be2+ 36. Kxh4 f5 37. Kg5 Bd3 38. h4 Re2 39. Kf6 Rh2 40. Ra8+ Kh7 41. Kf7 Bc4+ 42. Kf6 Rxh4 43. Ra7+ Kg8 44. Ra8+ Kh7 45. Kg5 Rh1 46. Rh8# 1-0


[Site "https://www.chess.com"]

[Event "Titled Tuesday Blitz April 11 Early 2023"]
[White "Namitbir Singh Walia"]
[Black "Palacio,Igor Da Paz"]
[WhiteFideId "35071068"]
[BlackFideId "2121140"]
[WhiteElo "2239"]
[BlackElo "2126"]
[Result "1-0"]
[Round "02"]
[TimeControl "180+2"]
[Date "2023.04.11"]
[WhiteClock "0:00:50"]
[BlackClock "0:00:03"]

1. e4 d6 2. d4 Nf6 3. Bd3 e5 4. c3 g6 5. Ne2 Bg7 6. O-O O-O 7. f4 exd4 8. cxd4 Nc6 9. Nbc3 a6 10. Kh1 b5 11. a3 Bg4 12. Be3 Nh5 13. Qd2 Na5 14. Qc2 Nc4 15. Bg1 Rc8 16. b3 Nb6 17. a4 b4 18. Nd1 a5 19. Be3 c5 20. dxc5 dxc5 21. Rc1 c4 22. bxc4 Re8 23. Nf2 Bd7 24. Bxb6 Qxb6 25. c5 Qc6 26. Bb5 Qc7 27. Bxd7 Qxd7 28. c6 Qc7 29. e5 Bf8 30. Ne4 Be7 31. Nd4 Ng7 32. Nb5 Qb6 33. Nbd6 Bxd6 34. exd6 Nf5 35. d7 Red8 36. dxc8=Q Rxc8 37. Qb2 h6 38. Nf6+ Kf8 39. Nd7+ 1-0


[Site "https://www.chess.com"]

[Event "Titled Tuesday Blitz April 11 Early 2023"]
[White "Warchol, Kamil"]
[Black "Leenhouts, Koen"]
[WhiteFideId "21858241"]
[BlackFideId "1008439"]
[WhiteElo "2017"]
[BlackElo "2409"]
[Result "0-1"]
[Round "02"]
[TimeControl "180+2"]
[Date "2023.04.11"]
[WhiteClock "0:00:04"]
[BlackClock "0:01:05"]

1. e4 c5 2. Nf3 e6 3. d4 cxd4 4. Nxd4 Nc6 5. Nc3 Qc7 6. g3 a6 7. Bg2 Nf6 8. O-O Nxd4 9. Qxd4 Bc5 10. Bf4 d6 11. Qd2 h6 12. Rad1 e5 13. Be3 Bxe3 14. fxe3 Be6 15. Qxd6 Rc8 16. Rf2 Qxd6 17. Rxd6 Ke7 18. Rfd2 Rxc3 19. bxc3 Nd7 20. Rd1 Rc8 21. R6d3 Nc5 22. R3d2 Bxa2 23. Ra1 Be6 24. Ra5 b6 25. Ra1 b5 26. Ra3 Na4 27. Bf3 Rxc3 28. Rxc3 Nxc3 29. Rf2 a5 30. Rf1 a4 31. Ra1 b4 32. Kf2 a3 33. Ke1 Kd6 34. Kd2 Kc5 35. Kd3 Bc4+ 36. Kd2 f6 37. Rxa3 Nb1+ 0-1


[Site "https://www.chess.com"]

[Event "Titled Tuesday Blitz April 11 Early 2023"]
[White "Lauridsen, Jesper Morch"]
[Black "Lopez, Henry"]
[WhiteFideId "1401890"]
[BlackFideId "5203830"]
[WhiteElo "2247"]
[BlackElo "2177"]
[Result "1-0"]
[Round "02"]
[TimeControl "180+2"]
[Date "2023.04.11"]
[WhiteClock "0:01:26"]
[BlackClock "0:00:55"]

1. e4 c5 2. Nf3 d6 3. d4 cxd4 4. Nxd4 Nf6 5. Nc3 a6 6. h3 e5 7. Nde2 h5 8. Bg5 Be6 9. Nd5 Nbd7 10. Nec3 Rc8 11. Be2 Be7 12. Nxe7 Qxe7 13. Qd2 Rc6 14. Nd5 Bxd5 15. exd5 Rc5 16. c4 Qd8 17. Bd3 O-O 18. O-O a5 19. b3 Re8 20. Rae1 Rc8 21. Bf5 Ra8 22. Qd1 a4 23. Bxd7 Qxd7 24. Bxf6 gxf6 25. Qxh5 Kg7 26. Re3 1-0


[Site "https://www.chess.com"]

[Event "Titled Tuesday Blitz April 11 Early 2023"]
[White "Shubenkova, Veronika"]
[Black "Lakshmi C"]
[WhiteFideId "44124040"]
[BlackFideId "25035347"]
[WhiteElo "2027"]
[BlackElo "1942"]
[Result "0-1"]
[Round "02"]
[TimeControl "180+2"]
[Date "2023.04.11"]
[WhiteClock "0:00:14"]
[BlackClock "0:00:14"]

1. e4 c5 2. Nc3 Nc6 3. g3 e5 4. Bg2 d6 5. d3 g6 6. f4 Bg7 7. Nf3 Nge7 8. O-O f5 9. Ng5 O-O 10. Ne2 h6 11. Nf3 Be6 12. c3 fxe4 13. dxe4 Bc4 14. Be3 b6 15. Qc2 Qc7 16. b3 Be6 17. Rad1 Rad8 18. Nh4 Kh7 19. f5 Bc8 20. fxg6+ Nxg6 21. Nf5 Nce7 22. Nxg7 Kxg7 23. Qc1 Ng8 24. Qd2 Bg4 25. h3 Be6 26. c4 Qc8 27. Kh2 a6 28. Nc3 Qb7 29. Nd5 b5 30. Bf3 Qc8 31. h4 Bg4 32. Qe2 Bxf3 33. Rxf3 Rxf3 34. Qxf3 Rf8 35. Qg2 Qg4 36. cxb5 Qxd1 37. h5 Qxh5+ 38. Kg1 Qd1+ 39. Kh2 axb5 40. Nc7 Rf3 41. Bg1 Nf6 42. Qh3 Qe2+ 43. Kh1 Qxe4 44. Ne6+ Kf7 45. Nd8+ Kg7 0-1


[Site "https://www.chess.com"]

[Event "Titled Tuesday Blitz April 11 Early 2023"]
[White "Nugumanov, Bakhtiyar"]
[Black "Gogolev, Artem"]
[WhiteFideId "13701797"]
[BlackFideId "4116615"]
[WhiteElo "2209"]
[BlackElo "2182"]
[Result "0-1"]
[Round "02"]
[TimeControl "180+2"]
[Date "2023.04.11"]
[WhiteClock "0:00:22"]
[BlackClock "0:01:59"]

1. Nf3 Nf6 2. c4 e6 3. g3 d5 4. Bg2 dxc4 5. Qa4+ Nbd7 6. Qxc4 a6 7. Qc2 c5 8. O-O b5 9. a4 Bb7 10. Nc3 Qb6 11. axb5 axb5 12. Rxa8+ Bxa8 13. Qb3 Bc6 14. d3 Be7 15. Be3 O-O 16. Ra1 Nd5 17. Bd2 b4 18. Ne4 h6 19. Be1 Qb7 0-1


[Site "https://www.chess.com"]

[Event "Titled Tuesday Blitz April 11 Early 2023"]
[White "Adithya A Chullikkad"]
[Black "Rom, Jasper"]
[WhiteFideId "45078734"]
[BlackFideId "2023733"]
[WhiteElo "1984"]
[BlackElo "2233"]
[Result "0-1"]
[Round "02"]
[TimeControl "180+2"]
[Date "2023.04.11"]
[WhiteClock "0:00:18"]
[BlackClock "0:00:12"]

1. d4 d5 2. Bf4 Nf6 3. e3 c5 4. c3 Nc6 5. Nd2 Bf5 6. Ngf3 e6 7. h3 h6 8. Be2 Qb6 9. Qc1 Rc8 10. O-O Be7 11. dxc5 Bxc5 12. Nb3 Be7 13. Nbd4 Be4 14. Nxc6 bxc6 15. Nd2 Bf5 16. g4 Bg6 17. Be5 O-O 18. Kg2 Nd7 19. Bg3 e5 20. Nf3 f6 21. Nh4 Be4+ 22. f3 Bh7 23. Nf5 Rfe8 24. Nxe7+ Rxe7 25. h4 Rb8 26. b4 c5 27. b5 c4 28. a4 Nc5 29. e4 Nb3 30. Qb2 Nxa1 31. exd5 Qc5 32. Rxa1 Qxd5 33. Rd1 Bd3 34. Bf2 Rd7 35. Rd2 e4 36. Bd1 Bf1+ 37. Kxf1 Qxd2 38. Qxd2 Rxd2 39. Ke1 Rbd8 40. Be2 exf3 41. Bxf3 R2d7 42. Bc6 Re7+ 43. Kf1 Rd1+ 44. Kg2 Rd2 45. Kf3 Rd3+ 46. Kf4 Rxc3 47. Bc5 Rc7 48. a5 Rc1 49. Bd6 Rc8 50. Bd5+ Kh8 51. b6 axb6 52. axb6 Rb1 53. b7 Rxb7 54. Bxb7 Rd8 55. Bb4 Rb8 0-1


[Site "https://www.chess.com"]

[Event "Titled Tuesday Blitz April 11 Early 2023"]
[White "Santos Flores, Alberto"]
[Black "De Souza, Cristiano Gomes"]
[WhiteFideId "3601234"]
[BlackFideId "2151758"]
[WhiteElo "2235"]
[BlackElo "2068"]
[Result "0-1"]
[Round "02"]
[TimeControl "180+2"]
[Date "2023.04.11"]
[WhiteClock "0:00:23"]
[BlackClock "0:00:18"]

1. d4 Nf6 2. Bf4 g6 3. Nd2 Bg7 4. e4 d6 5. Ngf3 c6 6. Bd3 O-O 7. Qe2 Nbd7 8. h3 e5 9. dxe5 Nh5 10. Bg5 Qb6 11. Nc4 Qc7 12. exd6 Qb8 13. O-O-O b5 14. Ncd2 Qxd6 15. Rhe1 Nf4 16. Bxf4 Qxf4 17. Kb1 Qf6 18. e5 Qe7 19. e6 Nc5 20. exf7+ Qxf7 21. Ne4 Re8 22. Qd2 Nxe4 23. Bxe4 Be6 24. Bxc6 Bxa2+ 25. Ka1 Rxe1 26. Rxe1 Rc8 27. Bxb5 Rb8 28. Qe2 a6 29. Ng5 Qd5 30. c4 Qxg5 31. Qe6+ Kh8 32. Kxa2 axb5 33. cxb5 Qxb5 34. Re2 Qa4+ 35. Kb1 Qd1+ 36. Ka2 Ra8+ 0-1


[Site "https://www.chess.com"]

[Event "Titled Tuesday Blitz April 11 Early 2023"]
[White "mjelcic"]
[Black "Erzhanov, Arman"]
[BlackFideId "4138821"]
[WhiteElo "2236"]
[BlackElo "2138"]
[Result "1-0"]
[Round "02"]
[TimeControl "180+2"]
[Date "2023.04.11"]
[WhiteClock "0:00:37"]
[BlackClock "0:00:40"]

1. c4 d6 2. Nc3 e5 3. g3 g6 4. Bg2 Bg7 5. e4 Ne7 6. Nge2 O-O 7. O-O f5 8. d3 Nbc6 9. f4 Be6 10. Be3 Qd7 11. Qd2 Rae8 12. Nd5 b6 13. Rae1 a5 14. b3 Kh8 15. Kh1 fxe4 16. dxe4 Bg4 17. Bf3 Bxf3+ 18. Rxf3 exf4 19. gxf4 Ne5 20. Rff1 Qh3 21. Ng1 Qg4 22. Nxe7 Rxe7 23. h3 Qh4 24. fxe5 Rxf1 25. Rxf1 Qxe4+ 26. Rf3 Bxe5 27. Bg5 Rf7 28. Qg2 Rf5 29. Rxf5 Qxf5 30. Bc1 Qb1 31. Bh6 Kg8 32. Qd5+ 1-0


[Site "https://www.chess.com"]

[Event "Titled Tuesday Blitz April 11 Early 2023"]
[White "Sohier, Julien"]
[Black "Principe, Gerson"]
[WhiteFideId "645346"]
[BlackFideId "3804550"]
[WhiteElo "2209"]
[BlackElo "2229"]
[Result "0-1"]
[Round "02"]
[TimeControl "180+2"]
[Date "2023.04.11"]
[WhiteClock "0:02:00"]
[BlackClock "0:00:51"]

1. e4 c6 2. Nf3 d5 3. d3 Bg4 4. h3 Bxf3 5. Qxf3 Nf6 6. e5 Nfd7 7. d4 e6 8. Nd2 c5 9. c3 Nc6 10. Nb3 cxd4 11. cxd4 Bb4+ 12. Bd2 Bxd2+ 13. Kxd2 Qb6 14. Qc3 O-O 15. f4 Rac8 16. Nc5 Nxc5 17. dxc5 Qc7 18. Rc1 f6 19. Bb5 fxe5 20. Bxc6 d4 21. Qc4 Qxc6 22. fxe5 Qxg2+ 23. Qe2 Rf2 0-1


[Site "https://www.chess.com"]

[Event "Titled Tuesday Blitz April 11 Early 2023"]
[White "Mouhamad, Joachim"]
[Black "Larina, Maria"]
[WhiteFideId "656410"]
[BlackFideId "24113182"]
[WhiteElo "2125"]
[BlackElo "1848"]
[Result "1-0"]
[Round "02"]
[TimeControl "180+2"]
[Date "2023.04.11"]
[WhiteClock "0:00:21"]
[BlackClock "0:00:11"]

1. e4 c6 2. d4 d5 3. Nc3 dxe4 4. Nxe4 Nf6 5. Nxf6+ exf6 6. c3 Bd6 7. Bd3 O-O 8. Ne2 Re8 9. O-O Nd7 10. Bf4 Nf8 11. Bxd6 Qxd6 12. Ng3 g6 13. Ne4 Qf4 14. Re1 Kg7 15. g3 Qc7 16. Qf3 Bf5 17. Nxf6 Kxf6 18. g4 Qd7 19. gxf5 gxf5 20. Kh1 Qd5 21. Qxd5 cxd5 22. Kg2 Ng6 23. Kg3 Rg8 24. Kf3 Nh4+ 25. Ke2 Rg2 26. Rh1 Re8+ 27. Kf1 Reg8 28. Be2 f4 29. Re1 f3 30. Bd1 R2g5 31. Re3 Rf5 32. Rg1 Ng2 33. Rxf3 Rxf3 34. Bxf3 Ne3+ 35. fxe3 Rxg1+ 36. Kxg1 Kf5 37. Bxd5 1-0


[Site "https://www.chess.com"]

[Event "Titled Tuesday Blitz April 11 Early 2023"]
[White "Toncheva, Nadya"]
[Black "FuenfgegenWilly"]
[WhiteFideId "2924056"]
[WhiteElo "2101"]
[BlackElo "2222"]
[Result "1-0"]
[Round "02"]
[TimeControl "180+2"]
[Date "2023.04.11"]
[WhiteClock "0:00:07"]
[BlackClock "0:00:28"]

1. e4 e5 2. Nf3 Nc6 3. Bb5 a6 4. Ba4 d6 5. O-O Bd7 6. c4 Be7 7. Nc3 h6 8. Bxc6 Bxc6 9. d4 exd4 10. Nxd4 Bf6 11. Nxc6 bxc6 12. e5 Bxe5 13. Re1 Ne7 14. f4 Bxc3 15. bxc3 O-O 16. Qg4 Re8 17. f5 Qd7 18. Bxh6 Nxf5 19. Bxg7 Re6 20. Be5+ Kf8 21. Qxf5 dxe5 22. Rad1 Qe7 23. Qh5 Ke8 24. Re3 Rb8 25. Rg3 Qf8 26. Qh7 Qc5+ 27. Kh1 Ke7 28. Rf3 Rf8 29. Qh4+ f6 30. Rfd3 Rd6 31. Qh7+ Rf7 32. Qf5 Qxc4 33. Rxd6 cxd6 34. Rb1 Qxc3 35. Rb7+ Kf8 36. Rb8+ Kg7 37. Qg4+ Kh6 38. Rh8+ Rh7 39. Qh4+ Kg6 40. Qxh7+ Kg5 41. Qh4+ Kf5 42. Rh5+ Ke6 43. Qg4+ Kd5 44. Qf3+ Kc5 45. Qxc3+ 1-0


[Site "https://www.chess.com"]

[Event "Titled Tuesday Blitz April 11 Early 2023"]
[White "Kiseleva, Arina"]
[Black "Cervantes Landeiro, Thalia"]
[WhiteFideId "4164989"]
[BlackFideId "3520498"]
[WhiteElo "1708"]
[BlackElo "2172"]
[Result "0-1"]
[Round "02"]
[TimeControl "180+2"]
[Date "2023.04.11"]
[WhiteClock "0:01:32"]
[BlackClock "0:02:16"]

1. d4 Nf6 2. e3 g6 3. Nf3 d5 4. Be2 Bg7 5. O-O c5 6. a3 b6 7. dxc5 bxc5 8. c4 O-O 9. Nc3 e6 10. Qc2 Bb7 11. Rd1 Qc8 12. cxd5 exd5 13. b4 cxb4 14. axb4 Ne4 15. Bb2 Nxc3 16. Rac1 Nxd1 17. Qxd1 Qd8 18. Bxg7 Kxg7 0-1


[Site "https://www.chess.com"]

[Event "Titled Tuesday Blitz April 11 Early 2023"]
[White "Ruge, Edison"]
[Black "Omariev, Maksim"]
[WhiteFideId "4401000"]
[BlackFideId "4193423"]
[WhiteElo "2175"]
[BlackElo "2473"]
[Result "1-0"]
[Round "02"]
[TimeControl "180+2"]
[Date "2023.04.11"]
[WhiteClock "0:00:27"]
[BlackClock "0:00:04"]

1. e4 c5 2. Nc3 d6 3. f4 Nc6 4. Nf3 g6 5. Bb5 Bd7 6. Bxc6 Bxc6 7. d3 Bg7 8. O-O Nf6 9. Qe1 O-O 10. Qh4 e6 11. Kh1 d5 12. e5 Nd7 13. Qh3 b5 14. Bd2 b4 15. Ne2 d4 16. Ng5 h6 17. Nxe6 Qe7 18. Nxf8 Nxf8 19. Ng3 Qb7 20. Rae1 Re8 21. b3 a5 22. Ne4 Qa7 23. Nf6+ Bxf6 24. exf6 h5 25. Rxe8 Bxe8 26. f5 Bd7 27. Qg3 Qb6 28. Qg5 Qd6 29. fxg6 Nxg6 30. Qh6 Qf8 31. Qxh5 a4 32. bxa4 Bxa4 33. Bh6 Qe8 34. Qh4 Bxc2 35. Qg3 Qe2 36. Re1 Qxd3 37. Qb8+ Kh7 38. Bg7 Qd2 39. Qg3 Bf5 40. h3 d3 41. Re8 Qxa2 42. Rh8+ Nxh8 43. Qh4+ Kg6 44. Qh6# 1-0


[Site "https://www.chess.com"]

[Event "Titled Tuesday Blitz April 11 Early 2023"]
[White "Minko, Dmitry"]
[Black "Tqebuchava, Zurab"]
[WhiteFideId "24188468"]
[BlackFideId "13601113"]
[WhiteElo "2147"]
[BlackElo "2203"]
[Result "1-0"]
[Round "02"]
[TimeControl "180+2"]
[Date "2023.04.11"]
[WhiteClock "0:00:53"]
[BlackClock "0:00:17"]

1. e4 d6 2. d4 g6 3. Nc3 Bg7 4. f4 c6 5. Nf3 Bg4 6. Be3 Bxf3 7. Qxf3 Nd7 8. O-O-O Qa5 9. e5 d5 10. Kb1 e6 11. Rg1 b5 12. g4 b4 13. Ne2 Ne7 14. Nc1 Qb6 15. Bd3 h5 16. h3 hxg4 17. hxg4 O-O-O 18. f5 exf5 19. gxf5 Bh6 20. fxg6 Nxg6 21. Bxg6 Bxe3 22. Qxe3 fxg6 23. Rxg6 Rhe8 24. Nb3 a5 25. Qh6 Kc7 26. e6 Nf8 27. Rg7+ Kb8 28. e7 Rc8 29. exf8=Q Rxf8 30. Nc5 Rc7 31. Qd6 1-0


[Site "https://www.chess.com"]

[Event "Titled Tuesday Blitz April 11 Early 2023"]
[White "mrithyunjay"]
[Black "Reprintsev, Alexander"]
[BlackFideId "14100541"]
[WhiteElo "2196"]
[BlackElo "2211"]
[Result "0-1"]
[Round "02"]
[TimeControl "180+2"]
[Date "2023.04.11"]
[WhiteClock "0:00:53"]
[BlackClock "0:01:03"]

1. e4 d5 2. exd5 Qxd5 3. Nc3 Qa5 4. d4 Nf6 5. Nf3 Nc6 6. Bd2 a6 7. Bc4 Qh5 8. h3 Bg4 9. d5 Bxf3 10. Qxf3 Qxf3 11. gxf3 Nd4 12. O-O-O Nxf3 13. Bf4 O-O-O 14. h4 Nh5 15. Rh3 Nxf4 16. Rxf3 Ng6 17. Rxf7 Ne5 18. Rf4 g6 19. Re4 Bh6+ 20. Kb1 Nxc4 21. Rxc4 Rhf8 22. a3 Rxf2 23. Re1 Rd7 24. d6 exd6 25. Nd5 Rdf7 26. Re8+ Kd7 27. Rb8 c5 28. Nc3 Kc7 29. Rd8 Kxd8 0-1


[Site "https://www.chess.com"]